AoeStats
← Demax

Arabia

510234199Analyzed
1v1 RM · 1d ago on Sep 30, 2026· 37m 34s· 2 players
Game mode
Random Map
Map size
Tiny (2 player)
Population
200
Speed
Normal
Resources
Standard
Victory
Conquest
Starting age
Dark Age
Ending age
Imperial Age
RankedLock teamsTeams togetherTeam positionsShared explorationLock speedFull tech treeHidden civsTurbo modeCheats
Victory
Defeat
🇨🇷 Aztecs · Costa Rica
1219
+15
🇺🇸 Khitans · United States
1201
-15
InvisibleMan
5:22 Loom
8:57 Feudal Age
10:40 Double-Bit Axe
12:08 Domestication
21:32 Castle Age
19:36 Gold Mining
21:00 Padded Archer Armor
20:51 Fletching
21:51 Scale Barding Armor
21:24 Man-at-Arms
22:16 Forging
22:08 Scale Mail Armor
22:06 Gambesons
22:50 Scale Barding Armor
26:52 Iron Casting
27:58 Bow Saw
28:07 Bodkin Arrow
31:00 Town Watch
31:50 Thumb Ring
32:27 Stone Mining
34:48 Chain Barding Armor
Demax
4:51 Loom
14:09 Feudal Age
18:54 Castle Age
18:09 Double-Bit Axe
18:06 Horse Collar
18:36 Gold Mining
19:27 Eagle Warrior
22:40 Forging
22:30 Scale Mail Armor
23:10 Scale Mail Armor
25:40 Iron Casting
25:18 Pikeman
27:23 Chain Mail Armor
27:29 Squires
28:46 Arson
31:35 Wheelbarrow
31:47 Heavy Plow
37:11 Gold Shaft Mining
Connection lost

Rejoining the realm…

Still unreachable

The connection could not be restored.

Session expired

The server has moved on; the page needs a fresh start.